Map: Ulrena

Players

AlonEven

  • Race: Terran Terran
  • League: Gold

lesha - Winner!

  • Race: Terran Terran
  • League: Silver

VOD

Have the link to the VOD?

Description

Time

  • Played on: Dec. 29, 2015, 10:35 a.m.
  • Length: 15:54
Show
View Real Time Build Order
Export as new Build Order

AlonEven Terran 

Build Orders: MMM Bio 

Get SALT Encoding   

  12  0:01  SCV  
  13  0:13  SCV  
  14  0:18  Supply Depot  
  14  0:25  SCV  
  15  0:28  Refinery  
  15  0:40  SCV  
  16  0:45  Barracks  
  16  0:52  SCV  
  17  1:04  SCV  
  17  1:07  Barracks  
  18  1:16  SCV  
  19  1:21  Supply Depot  
  19  1:28  SCV  
  19  1:32  Reaper  
  21  1:45  Refinery  
  21  1:48  Orbital Command  
  21  1:55  Reaper  
  22  2:02  Barracks  
  22  2:05  Reaper  
  23  2:14  Supply Depot  
  23  2:32  Reaper  
  24  2:44  Command Center, SCV  
  25  2:51  Barracks Tech Lab  
  25  2:54  Barracks Reactor  
  25  3:00  SCV  
  26  3:07  Barracks Tech Lab  
  26  3:08  Factory  
  26  3:21  Marauder  
  27  3:57  Reaper x2  
  27  4:23  Marauder  
  27  4:24  Factory Tech Lab  
  29  4:29  SCV  
  29  4:31  Barracks  
  29  4:34  Marauder, Marine x2  
  33  4:41  Starport  
  33  4:46  Armory, Engineering Bay, SCV  
  33  4:47  Engineering Bay  
  34  4:58  SCV  
  34  4:59  Orbital Command  
  35  5:02  Marine  
  35  5:03  Marine  
  37  5:10  Stimpack  
  37  5:14  SCV  
  37  5:21  Marine x2  
  38  5:23  Barracks Tech Lab  
  40  5:30  Siege Tank  
  43  5:36  Combat Shields  
  43  5:38  Starport Reactor  
  43  5:39  SCV  
  44  5:43  SCV  
  44  5:44  Marine  
  46  5:51  SCV  
  46  5:55  Factory  
  47  5:57  Reaper  
  47  6:00  Refinery, Marine  
  47  6:03  Refinery, Concussive Shells  
  49  6:04  Marine  
  49  6:05  Marine  
  51  6:12  Supply Depot  
  51  6:15  Supply Depot  
  51  6:18  Medivac  
  51  6:22  Supply Depot  
  53  6:27  SCV  
  54  6:34  SCV, Marine x2, Medivac  
  59  6:43  Supply Depot  
  59  6:45  Supply Depot, Marine  
  60  6:47  SCV  
  61  6:55  Barracks  
  61  6:58  Factory Tech Lab  
  61  7:02  Terran Infantry Weapons Level 1  
  61  7:06  Terran Infantry Armor Level 1  
  49  7:42  Marine  
  49  7:43  Command Center, Marine  
  51  7:47  Marine x2  
  53  7:57  Starport  
  53  8:05  SCV x2  
  55  8:12  Missile Turret  
  55  8:20  SCV  
  55  8:22  SCV  
  57  8:32  Barracks Tech Lab  
  57  8:33  Marine  
  58  8:37  SCV  
  59  8:44  Supply Depot  
  59  8:54  Marine x2  
  61  8:56  Siege Tank  
  63  9:04  Viking  
  63  9:09  Viking  
  67  9:12  SCV  
  67  9:14  SCV  
  69  9:21  Planetary Fortress  
  69  9:24  Marine  
  69  9:26  Starport Tech Lab  
  67  9:45  Marine  
  70  9:46  Marine, Marauder x2  
  70  9:49  SCV  
  74  9:55  SCV  
  75  10:00  Marine  
  75  10:01  Supply Depot  
  75  10:05  Raven  
  78  10:10  Marine  
  78  10:11  Marauder  
  81  10:28  Marauder, Marine x2  
  61  10:30  Siege Tank x2  
  61  10:34  Marine x2  
  63  10:42  Marine  
  64  10:45  SCV x2, Marine  
  64  10:46  Marauder  
  64  10:47  SCV  
  64  10:49  Marine  
  58  11:14  Marine  
  58  11:15  Marauder, Marine x2  
  58  11:16  Marauder  
  65  11:20  Marine  
  65  11:23  SCV  
  65  11:24  SCV  
  68  11:35  Command Center  
  68  11:37  Marine  
  68  11:39  Marine  
  70  11:42  SCV  
  70  11:44  SCV  
  72  11:53  SCV  
  72  11:54  SCV  
  74  11:58  Terran Infantry Weapons Level 2  
  74  12:05  Terran Infantry Armor Level 2  
  74  12:08  SCV  
  75  12:09  SCV  
  55  12:30  Medivac x2  
  55  12:36  SCV x2  
  61  12:38  Missile Turret  
  61  12:40  Missile Turret, Medivac  
  63  12:47  Refinery, Starport  
  63  12:49  Refinery  
  63  12:50  Marine x2  
  67  12:51  Marauder  
  67  12:52  Marauder  
  69  13:07  Medivac x2  
  69  13:09  SCV  
  69  13:10  SCV  
  75  13:17  SCV  
  76  13:20  Barracks, Marine  
  76  13:23  Barracks  
  77  13:27  Missile Turret  
  77  13:33  Missile Turret  
  77  13:35  Planetary Fortress  
  77  13:41  Marine x2  
  77  13:44  Marauder, Missile Turret, Marine  
  77  13:48  Starport Reactor  
  82  13:49  SCV  
  82  13:50  SCV  
  82  13:51  Marine  
  85  13:57  Supply Depot  
  85  14:02  Medivac x2  
  71  14:31  Command Center  
  69  14:32  Barracks Tech Lab x2, Marine x2  
  69  14:35  Marauder x2  
  75  14:39  Marine x2  
  77  14:47  Siege Tank  
  77  14:49  Marine  
  77  14:50  Marine  
  72  15:03  Marine x2  
  72  15:04  Marauder x2  
  72  15:06  SCV  
  58  15:07  SCV  
  58  15:08  Marine  
  59  15:15  Siege Tank  
  59  15:18  SCV  
  59  15:20  SCV  
  64  15:24  Marine x2  
  57  15:32  Marine x2  
  57  15:33  Marauder  
Show
View Real Time Build Order
Export as new Build Order

lesha Terran - Winner!

Build Orders: Reaper Expand, MMM Bio 

Get SALT Encoding   

  12  0:01  SCV  
  13  0:13  SCV  
  14  0:18  Supply Depot  
  14  0:25  SCV  
  15  0:39  SCV  
  15  0:40  Barracks  
  16  0:48  Refinery  
  16  0:51  SCV  
  17  1:03  SCV  
  18  1:16  SCV  
  19  1:28  Orbital Command  
  19  1:30  Reaper  
  20  1:47  Command Center  
  20  1:51  Refinery  
  20  1:54  SCV  
  21  2:05  Supply Depot  
  21  2:09  Barracks Reactor  
  21  2:10  SCV  
  22  2:22  SCV  
  23  2:35  Factory  
  23  2:37  SCV  
  23  2:39  Barracks  
  24  2:49  SCV, Marine x2  
  27  3:01  SCV, Orbital Command  
  28  3:09  Marine  
  28  3:10  Marine  
  28  3:11  Barracks  
  30  3:13  SCV  
  28  3:35  Hellion, Marine  
  29  3:50  SCV  
  29  3:51  SCV  
  29  3:53  Marine  
  32  3:56  Hellion  
  32  3:59  Marine x2  
  36  4:03  SCV  
  35  4:14  Starport  
  35  4:16  Marine  
  35  4:26  SCV x2  
  37  4:38  SCV x2  
  39  4:39  Barracks  
  39  4:40  Barracks Reactor  
  39  4:42  Barracks Reactor  
  39  4:50  SCV  
  40  4:54  Marine x2  
  40  4:59  Starport Reactor  
  44  5:07  Widow Mine  
  44  5:12  Marine x2  
  46  5:16  Engineering Bay  
  46  5:20  Engineering Bay  
  46  5:27  Marine x4  
  50  5:29  Marine  
  50  5:30  Supply Depot  
  50  5:31  Supply Depot, Marine  
  50  5:32  Supply Depot, Barracks Tech Lab  
  52  5:36  Medivac  
  54  5:48  Terran Infantry Weapons Level 1  
  54  5:50  Terran Infantry Armor Level 1  
  54  5:52  Medivac  
  54  5:54  Stimpack  
  54  5:57  Marine  
  56  6:00  SCV  
  58  6:06  SCV  
  59  6:14  Marine x4  
  59  6:15  Marine  
  59  6:17  Marauder  
  66  6:47  Missile Turret  
  66  6:51  Missile Turret x2, Marine x2  
  66  6:52  Marine x5  
  73  6:56  Medivac  
  73  6:59  Missile Turret  
  75  7:02  Missile Turret x2  
  75  7:09  SCV x2, Marine  
  78  7:16  Marine x3  
  78  7:21  SCV  
  71  7:25  Marine x3  
  71  7:26  Medivac  
  71  7:27  Marine  
  68  7:33  Marine  
  68  7:34  Marine x2  
  71  7:42  Marine  
  71  7:43  Armory  
  72  7:46  SCV x2  
  74  7:55  Combat Shields, Widow Mine  
  74  7:57  Marine x2  
  78  8:11  Supply Depot  
  78  8:12  Supply Depot  
  78  8:31  Command Center  
  78  8:32  Marine x5, Widow Mine  
  78  8:33  SCV  
  78  8:34  Marine x2  
  88  8:38  Supply Depot  
  88  8:40  Supply Depot  
  88  8:50  Marine x5  
  93  9:00  Medivac x2  
  93  9:02  Marine x2  
  99  9:07  Supply Depot  
  99  9:08  Marine x2  
  101  9:10  Supply Depot  
  101  9:12  Supply Depot  
  101  9:14  SCV x2  
  103  9:19  Refinery  
  103  9:20  Refinery  
  103  9:26  SCV x2  
  103  9:30  Medivac x2  
  107  9:38  SCV  
  106  9:47  Marine x6  
  106  9:48  Marine  
  103  9:58  Terran Infantry Weapons Level 2  
  103  9:59  Terran Infantry Armor Level 2  
  97  10:04  Marine  
  97  10:05  Marine x3  
  97  10:06  Barracks  
  101  10:07  Barracks  
  101  10:09  SCV, Barracks  
  101  10:10  SCV x2  
  102  10:21  SCV  
  86  10:36  Marine x7  
  86  10:40  Medivac x2  
  97  10:53  Marine  
  97  10:54  Marine x3  
  89  10:58  Marine x3  
  76  11:11  Marine x2  
  76  11:18  Marine x5  
  71  11:22  Barracks Reactor x3  
  75  11:27  Medivac x2  
  75  11:29  Marine x2  
  81  11:36  Marine x3  
  84  11:43  Command Center  
  84  11:44  Marine x2  
  86  11:47  Marine x2  
  86  11:53  Marine  
  86  11:54  Marine x2  
  89  11:57  Medivac  
  89  11:59  Marine x5  
  89  12:00  Marine  
  93  12:25  Marine x2  
  93  12:26  Marine x7  
  93  12:27  Marine x4  
  94  12:31  Medivac  
  94  12:32  Medivac  
  98  12:43  Marine x4  
  102  12:48  SCV x2  
  102  12:50  Orbital Command  
  104  13:00  SCV x2, Supply Depot x2  
  104  13:04  Marine x4  
  110  13:11  Terran Infantry Weapons Level 3  
  110  13:24  Supply Depot  
  110  13:25  Marine x3  
  110  13:26  Marine x7  
  110  13:27  Marine  
  120  13:34  Marine x2  
  123  13:42  Command Center  
  123  13:43  Marine x4  
  123  13:44  Marine x5  
  132  13:49  Supply Depot  
  132  13:50  Refinery  
  132  13:51  Refinery  
  132  13:59  Marine x4  
  132  14:01  Medivac, Marine x6  
  144  14:09  Refinery x2  
  107  14:28  Marine  
  107  14:29  Marine x8  
  107  14:30  Marine x4  
  118  14:45  Widow Mine  
  120  14:46  Marine x2  
  118  15:08  Marine x5  
  118  15:09  Marine x7  
  118  15:10  Marine  
  118  15:13  Widow Mine  
  133  15:26  Marine x5  
Tags
 
Composition
MMM BioMMM Bio
Matchup
TvT
Race
Terran
Add a new tag
Caveats
  • Supply blocks, unpowered buildings, or Contaminate may cause inaccurate times.
  • Supply counts are checked every 10 seconds.